 Dungeon Crawl Stone Soup version 0.31-a0-431-g88bdf31460 (webtiles) character file.

Game seed: 1208597367850542253

8 holysushi the Cutter (level 2, 24/24 HPs)
             Began as a Demonspawn Monk on July 31, 2023.
             Quit the game on level 1 of the Dungeon.
             The game lasted 00:00:19 (375 turns).

holysushi the Cutter (Demonspawn Monk)               Turns: 375, Time: 00:00:20

Health: 24/24      AC:  2    Str: 11    XL:     2   Next: 0%
Magic:  2/2        EV: 12    Int: 11    God:
Gold:   0          SH:  0    Dex: 15    Spells: 1/1 levels left

rFire   . . .        a - +0 short sword
rCold   . . .        (no shield)
rNeg    . . .        b - +0 robe
rPois   .            (no helmet)
rElec   .            (no cloak)
rCorr   .            (no gloves)
SInv    .            (no boots)
Will    .....        (no amulet)
Stlth   +            (no ring)
HPRegen 0.24/turn    (no ring)
MPRegen 0.08/turn

%: no passive effects
@: no status effects
A: weakness stinger 1
a: no special abilities


You were on level 1 of the Dungeon.
You visited 1 branch of the dungeon, and saw 1 of its levels.

Inventory:

Hand Weapons
 a - a +0 short sword (weapon)
Armour
 b - a +0 robe (worn)
Potions
 c - a potion of ambrosia
 d - a potion of curing {unknown}


   Skills:
 - Level 3.0 Fighting
 + Level 3.2 Short Blades
 - Level 2.6 Dodging


You had one spell level left.
You didn't know any spells.
Your spell library was empty.

Dungeon Overview and Level Annotations

Branches:
Dungeon (1/15) Zot: 5628

Altars:

Shops:
D:1 *


Innate Abilities, Weirdness & Mutations

You have a small tail.


Message History

a +0 club; a goblin corpse
Found a plate armour.
You see here a +0 plate armour.
Found 4 stones.
A quokka comes into view.
A quokka is nearby!
A quokka is nearby!
A quokka is nearby!
You hit the quokka.
The quokka is heavily wounded.
The quokka barely misses you.
You hit the quokka but do no damage.
The quokka is heavily wounded.
The quokka closely misses you.
You hit the quokka.
You kill the quokka!
No target in view!
You see here a quokka corpse.
No target in view!
No target in view!
A rat comes into view.
A rat is nearby!
A rat is nearby!
The helpless rat fails to defend itself.
You puncture the rat!
You kill the rat!
Found 7 stones.
No target in view!
A kobold comes into view. It is wielding a +0 dagger.
Found a stone staircase leading down.
You barely miss the kobold. The kobold barely misses you.
A kobold is nearby!
You barely miss the kobold. The kobold barely misses you.
A kobold is nearby!
You hit the kobold.
You kill the kobold!
You have reached level 2!
Your demonic ancestry asserts itself...
You grow a small tail.
Are you sure you want to abandon this character and quit the game? (Confirm with "yes".)

# ###.#### # ###...###
####.......## .##.........#
#......⌠....# #.#..
###.........## #.#.. #
####.......###. #.#.# .#
#..###...####..#####.#.###.#
#..# ##### #..)@....#.....
#..# #..#.........####. #..#
#.. #.............. #..# #.
#.........# #..# #>
##.#....#...(.. #..# #
#.#.##.# ####. #..# #.#.##.#
#..# #.#.##.# #..# #.#.##.#


There were no monsters in sight!

Vanquished Creatures
  2 endoplasms (D:1)
  2 goblins (D:1)
  A quokka (D:1)
  A kobold (D:1)
  A rat (D:1)
7 creatures vanquished.

Notes
Turn   | Place    | Note
-------+----------+-------------------------------------------
     0 | D:1      | holysushi the Demonspawn Monk began the quest for the Orb.
     0 | D:1      | Reached XP level 1. HP: 18/18 MP: 1/1
   199 | D:1      | Found Karism's Assorted Antiques.
   206 | D:1      | Found a faded altar of an unknown god.
   375 | D:1      | Gained mutation: You have a small tail. [demonic ancestry]
   375 | D:1      | Reached XP level 2. HP: 24/24 MP: 2/2
   375 | D:1      | Quit the game

Illustrated notes

Levels and vault maps discovered:
D:1:      dpeg_arrival_three_same_balls, layout_basic, serial_shops, shop,
          ebering_ecumenical_altar_mist

Skill      XL: |  1 |
---------------+----+-----
Short Blades   | 3 |  3.2
Fighting       | |  3.0
Dodging        | |  2.6

Action                     || total
---------------------------++-------
  Melee: Short sword       ||    25
         Punch             ||     1
   Stab: Sleeping          ||     1
 Armour: Robe              ||     1
  Dodge: Dodged            ||    12

Table legend: (Time is in decaauts)
 A = Elapsed time spent in this place.
 B = Non-inter-level travel time spent in this place.
 C = Inter-level travel time spent in this place.
 D = Time resting spent in this place.
 E = Time spent auto-exploring this place.
 F = Levels seen in this place.
 G = Mean time per level.
                   A        B        C        D        E       F      G
               +--------+--------+--------+--------+--------+-----+--------+
         Total |    372 |    372 |      0 |      0 |    303 |   1 |  372.0 |
       Dungeon |    372 |    372 |      0 |      0 |    303 |   1 |  372.0 |
               +--------+--------+--------+--------+--------+-----+--------+

Top non-repeatable levels by time:
     D:1: 372 daAuts
